 Dungeon Crawl Stone Soup version 0.21-a0-417-g0adc95b (webtiles) character file.

772 Ijustatesigmund the Covert (level 7, -6/49 HPs)
             Began as an Octopode Assassin on Nov 3, 2017.
             Was an Initiate of Okawaru.
             Mangled by Edmund
             ... wielding a +2 dire flail of protection
              (15 damage)
             ... on level 6 of the Dungeon.
             The game lasted 00:07:22 (4063 turns).

Ijustatesigmund the Covert (Octopode Assassin)      Turns: 4063, Time: 00:07:24

Health: -6/49      AC:  8    Str: 10    XL:     7   Next: 83%
Magic:  16/16      EV: 22    Int: 13    God:    Okawaru [......]
Gold:   160        SH:  0    Dex: 21    Spells: 6/6 levels left

rFire    . . .     SeeInvis .   s - +0 dagger (protect)
rCold    . . .     Gourm    +   (no shield)
rNeg     . . .     Faith    .   (helmet restricted)
rPois    .         Spirit   .   r - amulet of the gourmand
rElec    .         Reflect  .   g - ring of protection from magic
rCorr    .         Harm     .   v - ring of magical power
MR       +....                  (no ring)
Stlth    ++++++....             (no ring)
HPRegen  0.16/turn              (no ring)
MPRegen  0.15/turn              (no ring)
                                (no ring)
                                (no ring)

@: agile, protection aura
A: almost no armour, stealthy swim, amphibious, 8 rings, constrict 8, camouflage
1, gelatinous body 1
a: Renounce Religion


You were on level 6 of the Dungeon.
You worshipped Okawaru.
Okawaru was noncommittal.
You were not hungry.

You visited 1 branch of the dungeon, and saw 6 of its levels.
You also visited: Sewer.

You collected 160 gold pieces.

Inventory:

Hand Weapons
 a - a +2 dagger
 b - a +0 blowgun
 s - a +0 dagger of protection (weapon)
Missiles
 c - 69 poisoned needles
 d - 2 curare-tipped needles
Jewellery
 g - a ring of protection from magic (left tentacle)
 r - an amulet of the gourmand (around mantle)
 v - a ring of magical power (right tentacle)
Scrolls
 h - 4 scrolls of teleportation
 u - a scroll of remove curse
 w - a scroll of immolation {unknown}
 x - a scroll of random uselessness {unknown}
 z - a scroll of enchant armour {unknown}
Potions
 k - 2 potions of haste
 l - a potion of invisibility
 m - 5 potions of lignification
 n - a potion of heal wounds
 o - 2 potions of curing
 p - a potion of ambrosia
 q - 3 potions of brilliance
 t - 2 potions of flight {unknown}
Comestibles
 f - 4 bread rations
 i - 2 meat rations
 j - 3 royal jellies


   Skills:
 - Level 4.7 Fighting
 + Level 2.9 Short Blades
 - Level 2.0 Throwing
 - Level 4.8 Dodging
 - Level 8.7 Stealth
 + Level 0.2 Invocations


You had 6 spell levels left.
You didn't know any spells.

Dungeon Overview and Level Annotations

Branches:
Dungeon (6/15)
 Temple: D:4-7

Altars:
Okawaru
Uskayaw
The Shining One

Annotations:
D:6 Edmund


Innate Abilities, Weirdness & Mutations

You cannot wear most types of armour.
You are very stealthy in the water. (Stealth+)
You are amphibious.
You can wear up to eight rings at the same time.
You can use your tentacles to constrict eight enemies at once.
Your skin changes colour to match your surroundings (Stealth+).
Your rubbery body absorbs attacks. (AC +1, EV +1)


Message History

The adder skeleton bites you but does no damage.
The orc misses you. x2
You hit Edmund but do no damage. You squeeze Edmund, but do no damage.
Edmund is severely wounded.
You constrict Edmund. The orc closely misses you.
Edmund hits you with a dire flail of protection.
The adder skeleton closely misses you. The orc misses you.
You feel agile all of a sudden.
You constrict Edmund. The orc hits you with a flail.
The orc closely misses you. The adder skeleton misses you.
Edmund hits you with a dire flail of protection!
* * * LOW HITPOINT WARNING * * *
The orc closely misses you.
You hit Edmund.
Edmund is severely wounded.
You constrict Edmund, but do no damage. The adder skeleton bites you.
* * * LOW HITPOINT WARNING * * *
The orc misses you. The orc hits you but does no damage.
Edmund hits you with a dire flail of protection!
You die...

+......######.#.#
#......# #.#.#
#######'######.#.#
..##.....##.......
#####.##.............#
#...#.##......#.####.#
#....##......#.# #.#
#..Z@#####+#.# #.#
#..o@# #[#.# #.#
#..oo# #.#.# #.#
...#....# #.#.# #.#
........# #.#.#
..#####.#####.#.#
..............#.#
#...............#
#..$....####.>........
#$......# #.......####


You could see Edmund, 3 orcs and an adder skeleton.

Vanquished Creatures
  Sigmund (D:3)
  Menkaure (D:5)
  A big kobold (Sewer)
  A hound (D:5)
  An orc priest (D:4)
  An iguana (D:3)
  6 worker ants
  A hound skeleton (D:5)
  7 adders
  A river rat (Sewer)
  An ooze (D:2)
  An adder skeleton (D:4)
  A dart slug (D:2)
  2 leopard geckos
  12 orcs
  2 ball pythons
  12 bats
  6 giant cockroaches
  11 goblins
  8 hobgoblins
  4 jackals
  14 kobolds
  3 quokkas
  6 frilled lizards
  A jackal skeleton (D:5)
  A leopard gecko skeleton (D:5)
  9 rats
115 creatures vanquished.

Notes
Turn   | Place    | Note
-------+----------+-------------------------------------------
     0 | D:1      | Ijustatesigmund the Octopode Assassin began the quest for the Orb.
     0 | D:1      | Reached XP level 1. HP: 14/14 MP: 1/1
    60 | D:1      | Reached XP level 2. HP: 15/19 MP: 2/2
   242 | D:1      | Reached XP level 3. HP: 23/25 MP: 3/3
   548 | D:2      | Found a glowing golden altar of the Shining One.
   562 | D:2      | Reached skill level 6 in Stealth
   887 | D:2      | Reached XP level 4. HP: 27/30 MP: 4/4
  1348 | D:3      | Noticed Sigmund
  1355 | D:3      | Killed Sigmund
  1355 | D:3      | Reached skill level 7 in Stealth
  1355 | D:3      | Reached XP level 5. HP: 37/37 MP: 5/5
  1355 | D:3      | Reached XP level 6. HP: 43/43 MP: 6/6
  1858 | D:3      | Found a glowing drain.
  1868 | Sewer    | Entered a sewer
  2148 | Sewer    | Found a white marble altar of Elyvilon.
  2418 | D:4      | Reached XP level 7. HP: 25/49 MP: 7/7
  2713 | D:4      | Reached skill level 8 in Stealth
  3208 | D:5      | Entered Level 5 of the Dungeon
  3258 | D:5      | Found an iron altar of Okawaru.
  3379 | D:5      | Became a worshipper of Warmaster Okawaru
  3492 | D:5      | Noticed Menkaure
  3494 | D:5      | Killed Menkaure
  3620 | D:5      | Found a hide-covered altar of Uskayaw.
  4042 | D:6      | Noticed Edmund
  4063 | D:6      | Mangled by Edmund

Vault maps used:
D:1:      dpeg_arrival_refuge
D:2:      nicolae_overflow_hidden_temple
D:3:      portal_sewer_entry_d, first_bread, uniq_sigmund
D:5:      basic_altar, okawaru_gym_becter, uniq_menkaure
D:6:      kennysheep_vampire_church, lemuel_coloured_pillars_altar,
          lemuel_crystal_altar, temple_hall, uniq_edmund
Sewer:    sewer_kobolds

Skill      XL: |  1  2  3  4  5  6  7 |
---------------+----------------------+-----
Dodging        | 2 3 4 |  4.8
Stealth        | 6 7 8 |  8.7
Fighting       | 3 4 |  4.7
Short Blades   | |  2.9
Throwing       | |  2.0
Invocations    | |  0.2

Action                   |  1- 3 |  4- 6 |  7- 9 || total
-------------------------+-------+-------+-------++-------
Melee: Dagger            |    81 |    88 |    55 ||   224
       Constrict         |    20 |    22 |     7 ||    49
       Tentacles         |    16 |    19 |    12 ||    47
  Use: Scroll            |     5 |     5 |     3 ||    13
       Potion            |       |     2 |     1 ||     3
 Stab: Sleeping          |    14 |    18 |    11 ||    43
       Distracted        |     1 |       |       ||     1
  Eat: Fruit             |       |     3 |       ||     3
       Chunk             |       |     2 |    13 ||    15
Armor: Skin              |     5 |     3 |    10 ||    18
Dodge: Dodged            |    51 |    40 |    47 ||   138

Table legend:
 A = Spawn XP
 B = Non-spawn XP
 C = Spawn XP percentage of total XP
 D = Spawn monster count
 E = Non-spawn monster count
 F = Spawn count percentage of total count
 G = Total turns spent on level
                    A         B        C        D         E        F      G
               +---------+---------+-------+---------+---------+-------+---------
         Total |       0 |    1104 |   0.0 |       0 |     115 |   0.0 |  4063
               +---------+---------+-------+---------+---------+-------+---------
           D:1 |       0 |      51 |   0.0 |       0 |      33 |   0.0 |   548
           D:2 |       0 |      49 |   0.0 |       0 |      18 |   0.0 |   666
           D:3 |       0 |     326 |   0.0 |       0 |      23 |   0.0 |   791
           D:4 |       0 |     228 |   0.0 |       0 |      17 |   0.0 |   885
           D:5 |       0 |     301 |   0.0 |       0 |      10 |   0.0 |   655
           D:6 |       0 |      36 |   0.0 |       0 |       2 |   0.0 |   200
         Sewer |       0 |     113 |   0.0 |       0 |      12 |   0.0 |   318
               +---------+---------+-------+---------+---------+-------+---------
